 Seeded DCSS version 0.28.0 (webtiles) character file.

Game seed: 10379525442082979767 (custom seed)

36 hikkokomori the Sneak (level 3, -4/30 HPs)
             Began as a Formicid Delver on Feb 16, 2022.
             Slain by an orc priest (5 damage)
             ... on level 5 of the Dungeon.
             The game lasted 00:00:40 (160 turns).

hikkokomori the Sneak (Formicid Delver)              Turns: 160, Time: 00:00:40

Health: -4/30      AC:  8    Str: 18    XL:     3   Next: 57%
Magic:  3/3        EV:  7    Int:  9    God:
Gold:   0          SH:  0    Dex: 12    Spells: 2/2 levels left

rFire   . . .      SeeInvis +   a - +0 hand axe
rCold   . . .      Faith    .   (no shield)
rNeg    . . .      Spirit   .   g - +0 chain mail
rPois   .          Reflect  .   (helmet unavailable)
rElec   .          Harm     .   (no cloak)
rCorr   .          Rampage  .   (no gloves)
Will    .....                   (no boots)
Stlth   ..........              (no amulet)
HPRegen 0.10/turn               (no ring)
MPRegen 0.08/turn               (no ring)

@: no status effects
A: permanent stasis, dig shafts and tunnels, antennae 3, four strong arms
a: Dig, Shaft Self


You were on level 5 of the Dungeon.
You visited 1 branch of the dungeon, and saw 1 of its levels.

Inventory:

Hand Weapons
 a - a +0 hand axe (weapon)
Armour
 b - a +0 leather armour
 g - a +0 chain mail (worn)
Wands
 f - a wand of digging (3)
Scrolls
 c - a scroll of fog
 d - a scroll of magic mapping
 e - a scroll of fear
 h - a scroll of teleportation {unknown}


   Skills:
 + Level 3.7 Fighting
 + Level 2.5 Axes
 - Level 2.2 Dodging
 - Level 6.3 Stealth


You had 2 spell levels left.
You didn't know any spells.
Your spell library was empty.

Dungeon Overview and Level Annotations

Branches:
Dungeon (5/15)
 Temple: D:4-7

Altars:


Innate Abilities, Weirdness & Mutations

You cannot be hasted, slowed, berserked, paralysed or teleported.
You can dig through walls and to a lower floor.
You have a pair of large antennae on your head. (SInv)
Your four strong arms can wield two-handed weapons with a shield.


Message History

The orc is severely wounded.
You hit the orc. x2; The orc barely misses you.
The orc hits you but does no damage. x2
You hit the orc.
You kill the orc!
You closely miss the orc. You hit the orc. The orc barely misses you.
The orc hits you but does no damage. x2
You closely miss the orc.
The orc is severely wounded.
You hit the orc.
You kill the orc!
The orc wizard barely misses you. The orc barely misses you.
The orc wizard hits you from afar with a +0 halberd.
You hit the orc.
The orc is almost dead.
The orc barely misses you.
The orc wizard hits you from afar with a +0 halberd!
* * * LOW HITPOINT WARNING * * *
You are too injured to fight recklessly!
You are too injured to fight recklessly!
Unknown command.
You hit the orc priest but do no damage.
You completely miss the orc. The orc hits you with a +0 club.
* * * LOW HITPOINT WARNING * * *
The orc priest hits you but does no damage.
The orc wizard hits you but does no damage.
The orc hits you but does no damage.
Unknown command.
You hit the orc priest.
The orc priest is lightly wounded.
You closely miss the orc.
The orc wizard hits you from afar with a +0 halberd!
* * * LOW HITPOINT WARNING * * *
The orc closely misses you.
Unknown command.
You hit the orc priest.
You punch the orc priest, but do no damage.
The orc priest is heavily wounded.
You completely miss the orc. The orc priest hits you with a +0 mace.
You die...

................# .##.
#....#......#...##...
.....#......#......
..............##$#
#................#
#...##....<.....##
....#......o....#...
............)........
....###...o@o........
#.........##..........
.....[...#.#..........
.. ....###............
.... ............ #..
.....###..# ##...# ..
...!


You could see an orc priest, an orc wizard and an orc.

Vanquished Creatures
  A centaur zombie (D:5)
  2 orcs (D:5)
3 creatures vanquished.

Notes
Turn   | Place    | Note
-------+----------+-------------------------------------------
     0 | D:5      | hikkokomori the Formicid Delver began the quest for the
                  | Orb.
     0 | D:5      | Reached XP level 1. HP: 18/18 MP: 1/1
    42 | D:5      | Reached XP level 2. HP: 12/25 MP: 2/2
    42 | D:5      | Reached XP level 3. HP: 14/30 MP: 3/3
   159 | D:5      | HP: 1/30 [orc wizard (7)]
   160 | D:5      | Slain by an orc priest

Illustrated notes

Levels and vault maps discovered:
D:5:      layout_cave_pools, corexii_corridor_pit, minmay_lizard_king,
          uniq_eustachio, uniq_ijyb, uniq_duvessa, uniq_prince_ribbit1

Skill      XL: |  1 |
---------------+----+-----
Dodging        | 2 |  2.2
Fighting       | |  3.7
Axes           | |  2.5
Stealth        | |  6.3

Action                   || total
-------------------------++-------
Melee: Hand axe          ||    27
       Punch             ||     1
Armor: Chain mail        ||    38
Dodge: Dodged            ||    22
